 Dungeon Crawl Stone Soup version 0.31.0-32-g396128a36d (webtiles) character file.

Game seed: 1726238423466474368

20216 imdaedric the Destroyer (level 12, -3/59 HPs)
             Began as a Deep Elf Conjurer on Apr 16, 2024.
             Was a High Priest of Sif Muna.
             Slain by a quicksilver ooze (10 damage)
             ... in an ice cave.
             The game lasted 00:43:40 (14207 turns).

imdaedric the Destroyer (Deep Elf Conjurer)        Turns: 14207, Time: 00:43:41

Health: -3/59      AC: 11    Str:  6    XL:     12   Next: 43%
Magic:  1/31       EV: 17    Int: 29    God:    Sif Muna [*****.]
Gold:   824        SH:  0    Dex: 15    Spells: 18/38 levels left

rFire   . . .        t - staff of the Shoals {rPois Str+2 Dex+2 Conj}
rCold   . . .        (no shield)
rNeg    . . .        y - +0 steam dragon scales
rPois   +            h - +0 helmet
rElec   .            J - +2 cloak
rCorr   .            e - +0 pair of gloves
SInv    +            u - +0 pair of boots
Will    +....        C - amulet of magic regeneration
Stlth   ++           j - +5 ring of evasion
HPRegen 0.29/turn    b - ring of see invisible
MPRegen 0.62/turn

%: no passive effects
@: studying Conjurations
A: no striking features
a: Renounce Religion, Channel Magic, Forget Spell, Divine Exegesis


You were in an ice cave.
You worshipped Sif Muna.
Sif Muna was extremely pleased with you.
You visited 3 branches of the dungeon, and saw 13 of its levels.
You also visited: Ice Cave.

You collected 824 gold pieces.

Inventory:

Missiles
 f - 5 throwing nets
Armour
 e - a +0 pair of gloves (worn)
 h - a +0 helmet (worn)
 u - a +0 pair of boots (worn)
 y - +0 steam dragon scales (worn)
 J - a +2 cloak (worn)
 O - a +0 buckler of cold resistance
Magical Staves
 t - the staff of the Shoals (weapon) {rPois Str+2 Dex+2 Conj}
   (You acquired it on level 6 of the Dungeon)

   [staff of conjuration]

   Base accuracy: +5 Base damage: 5 Base attack delay: 1.2 This weapon's minimum
   attack delay (0.6) is reached at skill level 12.
   Str+2:     It affects your strength (+2).
   Dex+2:     It affects your dexterity (+2).
   rPois:     It protects you from poison Conj: It increases the power of your
   Conjurations spells.
   It falls into the 'Staves' category.
   It is a one-handed weapon.
Jewellery
 b - a ring of see invisible (right hand)
 d - a ring of positive energy
 j - a +5 ring of evasion (left hand)
 C - an amulet of magic regeneration (around neck)
Wands
 m - a wand of flame (21)
 w - a wand of charming (16)
 D - a wand of polymorph (6)
 E - a wand of mindburst (18)
 L - a wand of roots (5)
Scrolls
 a - 2 scrolls of poison
 c - 5 scrolls of teleportation
 i - 2 scrolls of amnesia
 k - 4 scrolls of fear
 l - a scroll of torment {unknown}
 n - a scroll of revelation
 p - 2 scrolls of silence
 q - 2 scrolls of blinking
 r - a scroll of brand weapon {unknown}
 B - a scroll of vulnerability
 F - a scroll of immolation {unknown}
 K - a scroll of noise {unknown}
 M - 2 scrolls of enchant armour {unknown}
 N - a scroll of identify
Potions
 g - 4 potions of brilliance
 o - 3 potions of degeneration {unknown}
 s - a potion of enlightenment {unknown}
 v - 2 potions of attraction {unknown}
 x - a potion of mutation {unknown}
 z - 2 potions of curing
 A - 3 potions of invisibility
 G - a potion of haste {unknown}
 H - a potion of berserk rage {unknown}
 I - a potion of cancellation {unknown}


   Skills:
 - Level 2.4 Dodging
 - Level 2.4 Stealth
 + Level 13.6 Spellcasting
 + Level 14.5 Conjurations
 - Level 7.6 Translocations
 + Level 8.3 Fire Magic
 - Level 7.7 Alchemy
 + Level 9.0 Invocations


You had 18 spell levels left.
You knew the following spells:

 Your Spells              Type           Power      Damage    Failure   Level
a - Magic Dart            Conj           100%       1d8       0%          1
b - Sticky Flame          Fire/Alch      60%        2d10      1%          4
q - Fireball              Conj/Fire      46%        3d18      1%          5
s - Fulminant Prism       Conj/Alch      45%        3d21      1%          4
x - Iskenderun's Mystic   Conj/Tloc      90%        2d18      1%          4
z - Searing Ray           Conj           100%       2d8       0%          2

Your spell library contained the following spells:

 Spells                   Type           Power      Damage    Failure   Level
 Kiss of Death            Conj/Necr      100%       2d13      1%          1
 Dazzling Flash           Conj/Hex       100%       N/A       1%          3
 Volatile Blastmotes      Fire/Tloc      100%       2d18      1%          3
 Ignite Poison            Fire/Alch      60%        N/A       1%          4
 Starburst                Conj/Fire      46%        6d13      3%          6
 Confusing Touch          Hex            19%        N/A       8%          3
 Cause Fear               Hex            9%         N/A       26%         4
 Dispel Undead            Necr           19%        3d11      26%         4
 Sculpt Simulacrum        Ice/Alch       21%        N/A       63%         6
 Ignition                 Fire           30%        3d10      99%         8
 Ozocubu's Refrigeration  Ice            9%         4d9       100%        7
 Maxwell's Capacitive Co  Air            9%         ∞         100%        8
 Dragon's Call            Summ           9%         N/A       100%        9
 Polar Vortex             Ice            9%         12d1*     100%        9


Dungeon Overview and Level Annotations

Branches:
Dungeon (10/15)            Temple (1/1) D:5            Lair (2/5) D:8
    Orc (0/2) D:9           IceCv (1/1)
  Swamp: Lair:2-3    Shoals: Lair:2-3     Snake: Lair:2-3    Spider: Lair:2-3

Altars:
Ashenzari
Cheibriados
Dithmenos
Elyvilon
Fedhas
Gozag
Hepliaklqana
Kikubaaqudgha
Makhleb
Nemelex Xobeh
Okawaru
Qazlal
Ru
Sif Muna
Trog
Uskayaw
Vehumet
Wu Jian
Xom
Yredelemnul
Zin
The Shining One

Portals:
Abyss: D:5

Annotations:
D:5 4 transporters, Consumeair16's ghost, novice GnWn


Message History

The floor, spattered with blood.
Okay, then.
You cannot read scrolls while unable to breathe!
Okay, then.
You feel better.
Your lungs strain for air!
The quicksilver ooze hits you. The quicksilver ooze barely misses you.
The ooze engulfing you falls away.
You gasp with relief as air once again reaches your lungs.
The quicksilver ooze attacks as it pursues you!
The quicksilver ooze closely misses you.
The quicksilver ooze hits you but does no damage.
The quicksilver ooze hits you. The quicksilver ooze engulfs you!
The quicksilver ooze hits you but does no damage.
The ooze engulfing you falls away.
You gasp with relief as air once again reaches your lungs.
The quicksilver ooze attacks as it pursues you!
The quicksilver ooze hits you. x2
You feel your power leaking away. The quicksilver ooze hits you!
The quicksilver ooze hits you but does no damage.
The quicksilver ooze hits you!
* * * LOW HITPOINT WARNING * * *
The quicksilver ooze engulfs you!
The quicksilver ooze closely misses you.
You cannot cast spells while unable to breathe!
Press: ? - help, v - describe, . - travel The floor.
The ooze engulfing you falls away.
You gasp with relief as air once again reaches your lungs.
The quicksilver ooze misses you. The quicksilver ooze hits you.
* * * LOW HITPOINT WARNING * * *
You feel your power leaking away.
Okay, then.
Casting: Iskenderun's Mystic Blast (safe; 1% risk of failure)
Confirm with . or Enter, or press ? or * to list all spells.
You don't have enough magic to cast this spell.
Unknown command.
You fail to use your ability.
The quicksilver ooze hits you!
You die...

#......# ##......#
#...##..# ##..##..####
#..##...##.#
##..#...##..##
#..##...#....#
#..#...##....##
##..#..##@.....#
#..##.##.J.#...# ###
#..#..##..##...#
##.####.##..##..###.*#
#...##..#...#..##
#..## #∩∩.....#..##..#
##..#
#...##..#..##..## #..#
##.####.##..#...# #..#
### #..#..##..####..#


You could see a quicksilver ooze.

Vanquished Creatures
  A hydra (Lair:1)
  2 catoblepae (Lair:2)
  A two-headed ogre (D:10)
  The ghost of Consumeair16 the Gusty, a novice GnWn (D:6)
  An ice statue (IceCv)
  5 cane toads
  4 komodo dragons
  An unseen horror (D:6)
  3 rime drakes
  3 trolls
  A hornet (D:9)
  Prince Ribbit (D:9)
  3 blink frogs (Lair:2)
  A shadow (D:10)
  5 slime creatures
  Sigmund (D:4)
  A wyvern (D:9)
  21 yaks
  2 steam dragons
  Menkaure (D:4)
  2 acid dragons
  5 great orb of eyes simulacra (IceCv)
  3 water moccasins
  7 orc warriors
  4 black bears
  An ice beast (D:7)
  A centaur (D:9)
  A phantom (D:4)
  8 wolves
  4 slime creature simulacra (IceCv)
  5 kobold brigands
  6 bullfrogs
  4 glowing shapeshifter simulacra (IceCv)
  5 gnoll sergeants
  2 scorpions (D:5)
  18 wights
  3 howler monkeys
  An electric eel (D:8)
  2 jellies (D:6)
  3 bombardier beetles
  10 hounds
  2 gnoll boudas
  A sleepcap (D:4)
  5 iguanas
  5 orc wizards
  Natasha (twice) (D:4)
  26 gnolls
  5 adders
  A shadow imp (D:6)
  2 ufetubi (D:6)
  A dart slug (D:1)
  2 ribbon worms
  19 orcs
  9 endoplasms
  4 giant cockroaches (D:1)
  3 goblins
  6 hobgoblins
  2 jackals (D:2)
  18 kobolds
  2 quokkas
  9 bats
  4 frilled lizards (D:1)
  2 rats (D:3)
  A fulminant prism (D:10)
285 creatures vanquished.

Vanquished Creatures (others)
  93 fulminant prisms
93 creatures vanquished.

Grand Total: 378 creatures vanquished

Notes
Turn   | Place    | Note
-------+----------+-------------------------------------------
     0 | D:1      | imdaedric the Deep Elf Conjurer began the quest for the
                  | Orb.
     0 | D:1      | Reached XP level 1. HP: 10/10 MP: 6/6
   132 | D:1      | Reached XP level 2. HP: 13/15 MP: 0/8
   216 | D:1      | Learned a level 2 spell: Searing Ray
   306 | D:1      | Reached skill level 1 in Alchemy
   348 | D:1      | Reached skill level 1 in Translocations
   980 | D:1      | Reached XP level 3. HP: 19/19 MP: 8/10
  1211 | D:2      | Found a faded altar of an unknown god.
  1362 | D:2      | Found a shadowy altar of Dithmenos.
  2646 | D:3      | Reached XP level 4. HP: 24/24 MP: 7/11
  2937 | D:4      | Reached skill level 5 in Conjurations
  3194 | D:4      | Noticed Menkaure
  3194 | D:4      | Noticed Sigmund
  3201 | D:4      | Found a glowing silver altar of Zin.
  3320 | D:4      | Found an iron altar of Okawaru.
  3320 | D:4      | Found a stormy altar of Qazlal.
  3424 | D:4      | Killed Sigmund
  3425 | D:4      | Reached XP level 5. HP: 20/28 MP: 8/14
  3425 | D:4      | Reached XP level 6. HP: 23/32 MP: 8/15
  3477 | D:4      | Killed Menkaure
  3478 | D:4      | Reached skill level 5 in Spellcasting
  3672 | D:4      | Reached skill level 6 in Conjurations
  3672 | D:4      | Reached XP level 7. HP: 32/36 MP: 1/17
  3867 | D:4      | Noticed Natasha
  3870 | D:4      | Killed Natasha
  4055 | D:4      | Noticed Natasha
  4060 | D:4      | Killed Natasha
  4316 | D:5      | Entered Level 5 of the Dungeon
  4394 | D:5      | Found Venwuw's Hydra Hut.
  4399 | D:5      | Noticed a six-headed hydra
  4661 | D:5      | Found a transporter.
  4698 | D:5      | Noticed a fire bat
  4698 | D:5      | Noticed a fire bat
  4706 | D:5      | Found a transporter.
  4837 | D:5      | Found a one-way gate to the infinite horrors of the Abyss.
  4837 | D:5      | Noticed Consumeair16's ghost (novice GnWn)
  4838 | D:5      | Noticed a small abomination
  4903 | D:5      | Reached XP level 8. HP: 41/41 MP: 12/20
  4978 | D:5      | Learned a level 4 spell: Fulminant Prism
  4983 | D:5      | Learned a level 4 spell: Iskenderun's Mystic Blast
  5082 | D:5      | Found a transporter.
  5084 | D:5      | Found a transporter.
  5096 | D:5      | Reached skill level 5 in Alchemy
  5155 | D:5      | Found a staircase to the Ecumenical Temple.
  5164 | Temple   | Entered the Ecumenical Temple
  5175 | Temple   | Became a worshipper of Sif Muna the Loreminder
  5194 | D:5      | Reached skill level 5 in Translocations
  5518 | D:5      | Noticed an ancient zyme
  5969 | D:6      | Noticed a troll
  5976 | D:6      | Killed a troll
  5977 | D:6      | Reached skill level 7 in Conjurations
  6626 | D:6      | Found a transporter.
  6647 | D:6      | Noticed Consumeair16's ghost (novice GnWn)
  6658 | D:6      | Found a transporter.
  6704 | D:6      | Killed an unseen horror
  6704 | D:6      | Reached * piety under Sif Muna
  6705 | D:6      | Reached XP level 9. HP: 32/45 MP: 4/23
  6728 | D:6      | Reached skill level 8 in Conjurations
  7702 | D:7      | Reached skill level 1 in Invocations
  8796 | D:6      | Identified 2 scrolls of acquirement
  8796 | D:6      | Acquired an amulet of magic regeneration
  8803 | D:6      | Acquired the staff of the Shoals {rPois Str+2 Dex+2 Conj}
  8906 | D:6      | Reached ** piety under Sif Muna
  8921 | D:6      | Killed Consumeair16's ghost
  8922 | D:6      | Reached skill level 9 in Conjurations
  8922 | D:6      | Reached XP level 10. HP: 29/50 MP: 4/25
  9164 | D:8      | Reached skill level 1 in Fire Magic
  9173 | D:8      | Reached skill level 10 in Spellcasting
  9349 | D:8      | Found a staircase to the Lair.
  9503 | D:8      | Reached skill level 10 in Conjurations
 10182 | D:9      | Noticed Prince Ribbit
 10187 | D:9      | Killed Prince Ribbit
 10252 | D:9      | Reached skill level 5 in Invocations
 10349 | D:9      | Reached *** piety under Sif Muna
 10517 | D:9      | Found a staircase to the Orcish Mines.
 10661 | D:9      | Reached skill level 11 in Conjurations
 10873 | D:10     | Entered Level 10 of the Dungeon
 11051 | D:10     | Reached XP level 11. HP: 54/54 MP: 18/28
 11135 | D:10     | Noticed a two-headed ogre
 11141 | D:10     | Killed a two-headed ogre
 11142 | D:10     | Reached skill level 5 in Fire Magic
 11147 | D:10     | Learned a level 4 spell: Sticky Flame
 11853 | D:10     | Found an ornate altar of the Wu Jian Council.
 12092 | Lair:1   | Entered Level 1 of the Lair of Beasts
 12239 | Lair:1   | Reached **** piety under Sif Muna
 12240 | Lair:1   | Reached skill level 12 in Conjurations
 12366 | Lair:1   | Learned a level 5 spell: Fireball
 12607 | Lair:1   | Noticed a five-headed hydra
 12614 | Lair:1   | Killed a five-headed hydra
 12805 | Lair:1   | Reached skill level 13 in Conjurations
 13091 | Lair:2   | Noticed a catoblepas
 13094 | Lair:2   | Killed a catoblepas
 13103 | Lair:2   | Noticed a catoblepas
 13206 | Lair:2   | Reached XP level 12. HP: 33/59 MP: 19/30
 13360 | Lair:2   | Killed a catoblepas
 13532 | Lair:2   | Reached skill level 14 in Conjurations
 13579 | Lair:2   | Found a frozen archway.
 13587 | IceCv    | Entered an ice cave
 14024 | IceCv    | Reached ***** piety under Sif Muna
 14194 | IceCv    | Noticed a quicksilver ooze
 14207 | IceCv    | Slain by a quicksilver ooze

Illustrated notes

Levels and vault maps discovered:
D:1:      dpeg_arrival_signposts, layout_basic, serial_curves, eino_curves_04,
          eino_curves_02, minmay_vboxes
D:2:      layout_loops_ring, basic_altar, basic_ecumenical_altar
D:3:      layout_basic
D:4:      layout_basic, grunt_temple_overflow_open, serial_corexii_hall,
          corexii_hall_statues_deadend, corexii_hall_statues_x,
          corexii_hall_statues_deadend, nicolae_nh_ransacked_shop,
          uniq_menkaure, uniq_natasha, uniq_sigmund
D:5:      gammafunk_cloud_chamber, layout_cave_pods, minmay_temple_entry_tees,
          gammafunk_ghost_abyssal_escape, doesnt_shop_hydraphobe
D:6:      layout_loops_ring, gammafunk_ghost_gnarly_gnolls,
          minmay_divided_ellipse
D:7:      layout_basic, st_stairs_2, minivault_11
D:8:      layout_basic, erik_lair_island
D:9:      layout_roguey, david_orc_2, uniq_prince_ribbit1
D:10:     layout_stronghold, kennysheep_little_box, serial_glass,
          glass_columns_b, glass_columns_c, due_unseen_surprise,
          minmay_strange_pillars, item_on_display_a
Temple:   dpeg_three_leaves_temple
Lair:1:   cheibrodos_lair_river_kwai, layout_gridlike,
          chequers_serial_rivers_micro_d
Lair:2:   layout_roguey, minmay_snake_entry_six_corridors, portal_ice_cave_rime,
          hellmonk_talismancer, serial_bayou_shore_a, grunt_megastairs_5
IceCv:    ice_cave_hellmonk_azure_passage

Skill      XL: |  1  2  3  4  5  6  7  8  9 10 11 12 |
---------------+-------------------------------------+-----
Alchemy        | 1 3 4 6 7 |  7.7
Translocations | 1 3 4 6 7 |  7.6
Spellcasting   | 4 5 6 8 9 11 12 13 | 13.6
Conjurations   | 5 6 7 9 11 13 14 | 14.5
Invocations    | 3 5 8 9 |  9.0
Fire Magic     | 4 7 8 |  8.3
Dodging        | |  2.4
Stealth        | |  2.4

Action                     |  1- 3 |  4- 6 |  7- 9 | 10-12 || total
---------------------------+-------+-------+-------+-------++-------
  Melee: Unarmed           |       |       |    16 |       ||    16
   Cast: Magic Dart        |    66 |    18 |    80 |    66 ||   230
         Searing Ray       |    11 |    12 |    46 |    47 ||   116
         Iskenderun's Myst |       |       |    34 |    64 ||    98
         Fulminant Prism   |       |       |    23 |    71 ||    94
         Fireball          |       |       |       |    11 ||    11
 Invoke: Channel Magic     |       |       |     1 |       ||     1
    Use: Scroll            |     3 |       |     8 |     4 ||    15
         Potion            |       |       |     5 |     3 ||     8
 Armour: Robe              |     6 |     8 |    34 |       ||    48
         Steam dragon scal |       |       |     8 |    43 ||    51
  Dodge: Dodged            |    10 |    11 |    52 |    19 ||    92
